 Dungeon Crawl Stone Soup version 0.28-a0-938-gbc3f381ebc (webtiles) character file.

Game seed: 13929301664521588890

964 Hipnos the Magician (level 8, 0/58 HPs)
             Began as a Djinni Ice Elementalist on Nov 28, 2021.
             Slain by a wight (1 damage)
             ... on level 6 of the Dungeon.
             The game lasted 00:13:53 (6994 turns).

Hipnos the Magician (Djinni Ice Elementalist)       Turns: 6994, Time: 00:13:54

Health: 0/58       AC: 12    Str:  7    XL:     8   Next: 38%
Gold:   166        EV: 13    Int: 19    God:
                   SH:  0    Dex: 14

rFire   + + .      SeeInvis .   k - +0 whip (freeze)
rCold   x . .      Faith    .   (no shield)
rNeg    . . .      Spirit   .   a - +0 robe
rPois   ∞          Reflect  .   (no helmet)
rElec   .          Harm     .   n - +0 cloak
rCorr   .          Rampage  .   l - +1 pair of gloves
Will    .....                   (boots unavailable)
Stlth   ++........              (no amulet)
HPRegen 0.19/turn               (no ring)
MPRegen 0.00/turn               (no ring)

@: mighty, ice-armoured, freezing walls, flying
A: sickness immunity, fire resistance 2, cold vulnerability 1, float, innate
caster, hp casting, extra vitality 1
a: no special abilities


You were on level 6 of the Dungeon.
You visited 1 branch of the dungeon, and saw 6 of its levels.

You collected 166 gold pieces.

Inventory:

Hand Weapons
 k - a +0 whip of freezing (weapon)
 o - a +1 halberd of venom
Armour
 a - a +0 robe (worn)
 l - a +1 pair of gloves (worn)
 n - a +0 cloak (worn)
Jewellery
 j - a ring of ice
Scrolls
 b - 2 scrolls of identify
 e - 2 scrolls of teleportation
 m - a scroll of blinking {unknown}
Potions
 c - a potion of degeneration {unknown}
 f - a potion of brilliance


   Skills:
 * Level 3.8 Fighting
 + Level 4.0 Dodging
 - Level 1.5 Stealth
 + Level 6.6 Spellcasting


You had 4 spell levels left.
You knew the following spells:

 Your Spells              Type           Power      Damage    Failure   Level
a - Freeze                Ice            100%       1d11      1%          1
b - Frozen Ramparts       Ice            62%        1d8       1%          3
c - Ozocubu's Armour      Ice            31%        N/A       1%          3
d - Hailstorm             Conj/Ice       31%        3d8       7%          4
e - Sting                 Tmut/Pois      100%       1d8       1%          1
f - Call Imp              Summ           31%        N/A       1%          2
g - Blink                 Tloc           62%        N/A       1%          2
Your spell library was empty.

Dungeon Overview and Level Annotations

Branches:
Dungeon (6/15)
 Temple: D:4-7

Altars:
Xom

Shops:
D:4 *


Innate Abilities, Weirdness & Mutations

You are immune to sickness and miasma.
You are immune to poison.
Your flesh is very heat resistant. (rF++)
You are vulnerable to cold. (rC-)
You float through the air rather than walking.
You learn spells naturally, not from books.
Your magical power is your life essence.
You have superior vitality. (+4 HP)


Message History

The wight completely misses you. The wight misses you.
Casting: Hailstorm (dangerous; 7% risk of failure)
Confirm with . or Enter, or press ? or * to list all spells.
Casting: Hailstorm (dangerous; 7% risk of failure)
Press: ? - help, Dir - look around, f - activate A cannonade of hail descends around you!
The hail pelts the white imp!
The white imp partially resists.
You kill the white imp!
The hail pelts the wight.
The wight partially resists.
The wight is severely damaged.
* * * LOW HITPOINT WARNING * * *
The wight closely misses you.
Casting: Hailstorm (dangerous; 7% risk of failure)
Confirm with . or Enter, or press ? or * to list all spells.
Casting: Hailstorm (dangerous; 7% risk of failure)
Press: ? - help, Dir - look around, f - activate
Okay, then.
You feel very mighty all of a sudden.
The wight resists.
The wall freezes the wight.
The wight hits you with a +0 mace!
* * * LOW HITPOINT WARNING * * *
The wight closely misses you.
You whack the wight!
The wight is severely damaged.
The wight hits you but does no damage.
You hit the wight.
You destroy the wight!
The wight closely misses you.
Your Dodging skill increases to level 4!
Casting: Hailstorm (dangerous; 7% risk of failure)
Confirm with . or Enter, or press ? or * to list all spells.
You don't have enough health to cast this spell.
Sorry, you're not good enough to have a special ability.
Unknown command.
Casting: Hailstorm (dangerous; 7% risk of failure)
Confirm with . or Enter, or press ? or * to list all spells.
A beastly little devil appears in a puff of flame.
* * * LOW HITPOINT WARNING * * *
The wight hits you from afar with a +0 halberd.
You die...

#.....# ###.....#
........### ........#..
h.......#.#
..........#.##
........z.#5.#
...........)#..#
..#....###.#@..#
....(...##.#...#
.#...##.##.#...#
...............#
...............#
.............##########
..$..........<))......#
.......5....########.##
###..$.............


You could see a wight (ally target) and a friendly crimson imp (summoned).

Vanquished Creatures
  A necrophage (D:5)
  2 centaurs
  A phantom (D:6)
  A bullfrog (D:6)
  A scorpion (D:5)
  3 wights (D:6)
  A bullfrog zombie (D:6)
  A hound (D:5)
  A centaur skeleton (D:5)
  A bullfrog skeleton (D:5)
  2 iguanas (D:5)
  An orc wizard (D:5)
  A scorpion zombie (D:5)
  A killer bee zombie (D:6)
  A hound zombie (D:5)
  4 adders
  A white imp (D:6)
  5 worms
  2 dart slugs
  12 orcs
  8 ball pythons
  5 bats
  6 endoplasms
  2 giant cockroaches
  9 goblins
  7 hobgoblins
  4 jackals (D:4)
  6 quokkas
  4 frilled lizards
  2 kobolds
  5 rats
101 creatures vanquished.

Vanquished Creatures (others)
  53 plants (D:3)
  4 toadstools (D:1)
57 creatures vanquished.

Grand Total: 158 creatures vanquished

Notes
Turn   | Place    | Note
-------+----------+-------------------------------------------
     0 | D:1      | Hipnos the Djinni Ice Elementalist began the quest for the
                  | Orb.
     0 | D:1      | Reached XP level 1. HP: 15/15 MP: 0/0
   149 | D:1      | Reached XP level 2. HP: 18/21 MP: 0/0
   851 | D:1      | Reached XP level 3. HP: 23/26 MP: 0/0
   851 | D:1      | Learned a level 1 spell: Sting
   901 | D:1      | Reached skill level 1 in Fighting
  1928 | D:2      | Reached skill level 4 in Spellcasting
  1939 | D:2      | Reached XP level 4. HP: 16/32 MP: 0/0
  3608 | D:3      | Reached XP level 5. HP: 15/37 MP: 0/0
  3608 | D:3      | Learned a level 2 spell: Call Imp
  4621 | D:4      | Found Icoiz's Assorted Antiques.
  4972 | D:5      | Entered Level 5 of the Dungeon
  5215 | D:6      | Noticed a gargoyle
  5215 | D:6      | Noticed a bullfrog
  5223 | D:5      | Reached XP level 6. HP: 37/43 MP: 0/0
  5294 | D:5      | Reached skill level 5 in Spellcasting
  5563 | D:5      | Noticed a necrophage
  5577 | D:5      | Killed a necrophage
  5578 | D:5      | Reached XP level 7. HP: 26/49 MP: 0/0
  5578 | D:5      | Learned a level 2 spell: Blink
  6619 | D:6      | Found a shimmering altar of Xom.
  6664 | D:6      | Reached skill level 6 in Spellcasting
  6683 | D:6      | Reached XP level 8. HP: 33/56 MP: 0/0
  6994 | D:6      | Slain by a wight

Illustrated notes

Levels and vault maps discovered:
D:1:      ldierk_walled_garden_2, layout_loops_ring
D:2:      layout_basic, minivault_19
D:3:      layout_loops_corners, kennysheep_boxes
D:4:      layout_loops_ring, serial_shops, nicolae_shop_hallway_plus,
          goddamned_bats
D:5:      layout_loops_ring
D:6:      layout_rooms, grunt_temple_overflow_open,
          mainiacjoe_overflow_tiny_flanked, minmay_temple_entry_mini_moons

Skill      XL: |  1  2  3  4  5  6  7  8 |
---------------+-------------------------+-----
Fighting       | 1 2 3 |  3.8
Spellcasting   | 4 5 6 |  6.6
Dodging        | 3 4 |  4.0
Stealth        | |  1.5

Action                   |  1- 3 |  4- 6 |  7- 9 || total
-------------------------+-------+-------+-------++-------
Melee: Unarmed           |     5 |     6 |       ||    11
       Whip              |       |    25 |    84 ||   109
 Cast: Freeze            |    30 |     3 |     2 ||    35
       Sting             |    34 |   114 |    22 ||   170
       Frozen Ramparts   |     1 |     6 |    17 ||    24
       Ozocubu's Armour  |     1 |     5 |     9 ||    15
       Call Imp          |       |     1 |     4 ||     5
       Hailstorm         |       |       |     4 ||     4
  Use: Scroll            |       |     6 |       ||     6
       Potion            |       |       |     5 ||     5
Armor: Robe              |     9 |    25 |    55 ||    89
Dodge: Dodged            |    24 |    44 |    89 ||   157

Table legend: (Time is in decaauts)
 A = Elapsed time spent in this place.
 B = Non-inter-level travel time spent in this place.
 C = Inter-level travel time spent in this place.
 D = Time resting spent in this place.
 E = Time spent auto-exploring this place.
 F = Levels seen in this place.
 G = Mean time per level.
                   A        B        C        D        E       F      G
               +--------+--------+--------+--------+--------+-----+--------+
         Total |   7004 |   6919 |     85 |      0 |   5929 |   6 | 1167.3 |
       Dungeon |   7004 |   6919 |     85 |      0 |   5929 |   6 | 1167.3 |
               +--------+--------+--------+--------+--------+-----+--------+

Top non-repeatable levels by time:
     D:5: 1651 daAuts
     D:1: 1566 daAuts
     D:2: 1516 daAuts
     D:3: 1380 daAuts
     D:4: 507 daAuts
     D:6: 382 daAuts
